 Dungeon Crawl Stone Soup version 0.26-a0-752-gcff87cac9a (webtiles) character file.

Game seed: 8359328811239697501

10278 iamoutofideas the Geomancer (level 11, -1/56 HPs)
             Began as a Gargoyle Earth Elementalist on Nov 7, 2020.
             Was a Believer of Vehumet.
             Slain by a boulder beetle (29 damage)
             ... on level 11 of the Dungeon.
             The game lasted 00:26:58 (15866 turns).

iamoutofideas the Geomancer (GrEE)                 Turns: 15866, Time: 00:26:58

Health: -1/56      AC: 20    Str: 11    XL:     11   Next: 59%
Magic:  7/22       EV: 15    Int: 26    God:    Vehumet [**....]
Gold:   934        SH:  0    Dex: 10    Spells: 2/25 levels left

rFire    . . .     SeeInvis .   t - +1 dagger (drain)
rCold    . . .     Faith    .   (no shield)
rNeg     + . .     Spirit   .   T - +0 troll leather armour
rPois    ∞         Reflect  .   E - +0 helmet
rElec    +         Harm     .   x - +0 cloak
rCorr    .         Rampage  .   N - +0 pair of gloves
MR       .....                  f - +0 pair of boots
Stlth    ++........             S - amulet of regeneration
HPRegen  0.98/turn              u - +6 ring of intelligence
MPRegen  0.18/turn              d - +4 ring of protection

@: about to teleport, studying Slings
A: negative energy resistance 1, electricity resistance, unbreathing,
petrification resistance, rot immunity, AC +8
a: Renounce Religion


You were on level 11 of the Dungeon.
You worshipped Vehumet.
Vehumet was pleased with you.
You visited 2 branches of the dungeon, and saw 12 of its levels.
You also visited: Sewer.

You collected 2172 gold pieces.
You spent 1238 gold pieces at shops.

Inventory:

Hand Weapons
 t - a +1 dagger of draining (weapon)
Missiles
 b - 290 stones (quivered)
 l - 2 throwing nets
Armour
 f - a +0 pair of boots (worn)
 i - a +2 buckler
 x - a +0 cloak (worn)
 E - a +0 helmet (worn)
 J - a +0 robe
 N - a +0 pair of gloves (worn)
 O - a +2 robe of cold resistance
 T - a +0 troll leather armour (worn)
Magical Staves
 R - an uncursed staff of conjuration
Jewellery
 d - a +4 ring of protection (right hand)
 e - an uncursed ring of resist corrosion
 u - a +6 ring of intelligence (left hand)
 Q - an uncursed ring of magical power
 S - an amulet of regeneration (around neck)
 U - an uncursed ring of ice
Wands
 c - a wand of digging (5)
 v - a wand of acid (7)
 C - a wand of flame (38)
 F - a wand of paralysis (24)
Scrolls
 a - 4 scrolls of immolation
 j - 3 scrolls of amnesia
 k - a scroll of blinking
 m - 2 scrolls of fear
 n - 8 scrolls of teleportation
 r - 5 scrolls of remove curse
 s - 5 scrolls of fog {unknown}
 D - 4 scrolls of magic mapping
 L - a scroll of vulnerability {unknown}
Potions
 g - 6 potions of curing
 h - 2 potions of attraction {unknown}
 o - a potion of lignification {unknown}
 p - 3 potions of resistance
 q - a potion of berserk rage
 w - 4 potions of invisibility
 z - a potion of brilliance
 A - 3 potions of flight
 B - a potion of ambrosia
 G - 2 potions of heal wounds
 H - a potion of cancellation {unknown}
 I - 2 potions of magic {unknown}
 K - a potion of might
 M - 2 potions of mutation
Books
 y - a manual of Slings
Miscellaneous
 P - a phial of floods


   Skills:
 - Level 1.0 Fighting
 - Level 0.3 Short Blades
 - Level 9.2 Dodging
 - Level 3.9 Stealth
 + Level 7.8 Spellcasting
 - Level 6.3 Conjurations
 - Level 0.7 Transmutations
 - Level 12.1 Earth Magic


You had 2 spell levels left.
You knew the following spells:

 Your Spells              Type           Power        Failure   Level
a - Sandblast             Erth           ######       1%          1
b - Alistair's Intoxicat  Tmut/Pois      ##.......    88%         5
c - Stone Arrow           Conj/Erth      ######       1%          3
d - Petrify               Tmut/Erth      #####...     5%          4
f - Lee's Rapid Deconstr  Erth           ######....   1%          5
g - Bolt of Magma         Conj/Fire/Erth #####.....   17%         5

Your spell library contained the following spells:

 Spells                   Type           Power        Failure   Level
 Mephitic Cloud           Conj/Pois/Air  ###.....     10%         3
 Magic Dart               Conj           ####         1%          1
 Shock                    Conj/Air       ####         1%          1
 Passwall                 Tmut/Erth      #####...     1%          2
 Searing Ray              Conj           #####.       1%          2
 Apportation              Tloc           ##....       8%          1
 Swiftness                Air            ##......     12%         2
 Dazzling Flash           Conj/Hex       ####..       6%          3
 Static Discharge         Conj/Air       ####....     6%          3
 Iskenderun's Battlesphe  Conj           #####...     16%         5
 Fulminant Prism          Conj/Hex       ####......   21%         4
 Iskenderun's Mystic Bla  Conj/Tloc      ####....     21%         4
 Lesser Beckoning         Tloc           ##........   22%         3
 Tukima's Dance           Hex            ##......     22%         3
 Iron Shot                Conj/Erth      ######....   26%         6
 Lightning Bolt           Conj/Air       ####......   50%         5
 Airstrike                Air            ##........   58%         4
 Orb of Destruction       Conj           #####.....   99%         7
 Invisibility             Hex            ##......     100%        6
 Spellforged Servitor     Conj/Summ      ####......   100%        7


Dungeon Overview and Level Annotations

Branches:
Dungeon (11/15)            Temple (1/1) D:6           Sewer (visited)
   Lair: D:8-11         Orc: D:9-12

Altars:
Ashenzari
Cheibriados
Dithmenos
Elyvilon
Fedhas
Gozag
Hepliaklqana
Kikubaaqudgha
Makhleb
Nemelex Xobeh
Okawaru
Qazlal
Ru
Sif Muna
Trog
Uskayaw
Vehumet
Wu Jian
Xom
Yredelemnul
Zin
The Shining One

Shops:
D:6 :   D:9 *   D:10 ?


Innate Abilities, Weirdness & Mutations

You are resistant to torment.
Your stone body is resilient. (AC +8)
You are immune to poison.
You resist negative energy. (rN+)
You are resistant to electric shocks. (rElec)
You can survive without breathing.
You are immune to petrification.
You are immune to rotting.


Message History

You drain the boulder beetle.
The boulder beetle is lightly wounded.
The boulder beetle closely misses you.
A boulder beetle comes into view.
The boulder beetle curls into a ball and begins rolling!
The boulder beetle moves out of view.
There is an open door, spattered with blood here.
Items here: ) = [ †.
O - a +2 robe of cold resistance;
U - an uncursed ring of ice The boulder beetle barely misses you.
The boulder beetle stops rolling and uncurls.
The boulder beetle curls into a ball and begins rolling!
The boulder beetle hits you!!
Ouch! That really hurt!
The boulder beetle stops rolling and uncurls.
The boulder beetle curls into a ball and begins rolling!
As you read the scroll of teleportation, it crumbles to dust.
You feel strangely unstable. The boulder beetle hits you!!
Ouch! That really hurt!
You die...

#......# #......# ..
#......##### #######....
#######....# #..........
#.....#....# #..........
#.....#....# #........#
#.....#....# #...#....#
#.....#....# #...#B...##
##.†###....# #.@........
##..'....### ###B.......
....#....# #○##.....
....#....+ #°##.....
#####....########........
#######...........#+#####
......#.##.....##.#..#
......#.##......†.#..#
......#...........)..#


You could see 2 boulder beetles.

Vanquished Creatures
  Fannar (D:11)
  A tengu warrior (D:11)
  A deep elf mage (D:10)
  An ugly thing (D:10)
  A tengu conjurer (D:11)
  A hornet (D:7)
  4 trolls
  Sigmund (D:4)
  9 yaks
  A vampire (D:10)
  A water moccasin (D:8)
  3 orc warriors
  A black bear (D:11)
  2 ice beasts (D:10)
  3 sky beasts
  2 phantoms (D:7)
  2 ogres (D:8)
  2 necrophages
  4 centaurs
  A big kobold (D:9)
  10 bullfrogs
  A scorpion (D:6)
  10 killer bees
  11 wights
  3 jellies
  2 howler monkeys (D:5)
  6 orc wizards
  4 orc priests
  9 hounds
  4 iguanas
  3 bullfrog skeletons
  15 worker ants
  Natasha (thrice) (D:3)
  2 hound zombies
  Robin (D:4)
  A howler monkey zombie (D:6)
  A worker ant zombie (D:5)
  11 gnolls
  9 adders
  2 shadow imps
  A white imp (D:9)
  6 ufetubi
  5 oozes
  An adder skeleton (D:6)
  An adder zombie (D:6)
  6 worms
  4 dart slugs
  7 leopard geckos
  20 orcs
  2 ball pythons
  12 bats
  13 giant cockroaches
  22 goblins
  10 hobgoblins
  11 jackals
  14 kobolds
  A quokka (D:5)
  6 frilled lizards
  7 rats
299 creatures vanquished.

Vanquished Creatures (others)
  9 fungi (D:11)
  10 plants (D:11)
19 creatures vanquished.

Grand Total: 318 creatures vanquished

Notes
Turn   | Place    | Note
-------+----------+-------------------------------------------
     0 | D:1      | iamoutofideas the Gargoyle Earth Elementalist began the
                  | quest for the Orb.
     0 | D:1      | Reached XP level 1. HP: 10/10 MP: 3/3
   406 | D:1      | Reached XP level 2. HP: 15/15 MP: 5/5
   422 | D:1      | Reached skill level 4 in Earth Magic
  1230 | D:1      | Reached XP level 3. HP: 11/19 MP: 0/6
  2394 | D:2      | Found an opulent altar of Gozag.
  2543 | D:2      | Found a faded altar of an unknown god.
  2750 | D:2      | Reached XP level 4. HP: 24/24 MP: 4/7
  2830 | D:2      | Found a glowing silver altar of Zin.
  2991 | D:2      | Reached XP level 5. HP: 28/28 MP: 6/9
  3198 | D:2      | Found an ancient bone altar of Kikubaaqudgha.
  3337 | D:3      | Noticed Natasha
  3347 | D:3      | Killed Natasha
  3396 | D:3      | Noticed Natasha
  3407 | D:3      | Killed Natasha
  3657 | D:2      | Learned a level 2 spell: Passwall
  3661 | D:2      | Learned a level 3 spell: Stone Arrow
  3666 | D:2      | Learned a level 4 spell: Petrify
  3679 | D:3      | Noticed Natasha
  3687 | D:3      | Killed Natasha
  3687 | D:3      | Reached skill level 5 in Earth Magic
  4121 | D:3      | Reached XP level 6. HP: 30/33 MP: 11/11
  4380 | D:4      | Noticed Sigmund
  4387 | D:4      | Killed Sigmund
  4387 | D:4      | Reached skill level 1 in Fighting
  4482 | D:4      | Found a glowing drain.
  4561 | D:4      | Reached XP level 7. HP: 31/38 MP: 8/13
  4617 | Sewer    | Entered a sewer
  5538 | D:4      | Reached skill level 1 in Conjurations
  5544 | D:4      | Reached skill level 6 in Earth Magic
  5729 | D:4      | Learned a level 1 spell: Magic Dart
  6055 | D:4      | Noticed Robin
  6093 | D:4      | Killed Robin
  6427 | D:4      | Reached skill level 5 in Spellcasting
  6427 | D:4      | Reached XP level 8. HP: 39/43 MP: 15/15
  6474 | D:5      | Entered Level 5 of the Dungeon
  6971 | D:5      | Found a snail-covered altar of Cheibriados.
  7112 | D:5      | Reached skill level 7 in Earth Magic
  7435 | D:6      | Found a staircase to the Ecumenical Temple.
  7546 | Temple   | Entered the Ecumenical Temple
  7655 | Temple   | Became a worshipper of Vehumet
  7890 | D:6      | Found a bloodstained altar of Trog.
  8048 | D:6      | Reached skill level 8 in Earth Magic
  8065 | D:6      | Reached XP level 9. HP: 37/47 MP: 0/18
  8474 | D:6      | Reached skill level 5 in Conjurations
  8597 | D:6      | Found Ceyzegho's Book Shoppe.
  8614 | D:6      | Learned a level 5 spell: Lee's Rapid Deconstruction
  9023 | D:6      | Reached skill level 9 in Earth Magic
  9590 | D:7      | Found a blossoming altar of Fedhas.
  9904 | D:7      | Noticed a hornet
  9914 | D:7      | Killed a hornet
  9914 | D:7      | Reached skill level 10 in Earth Magic
 10028 | D:7      | Found an iron altar of Okawaru.
 10064 | D:7      | Reached * piety under Vehumet
 10064 | D:7      | Offered knowledge of Freeze by Vehumet.
 10347 | D:7      | Found a glowing golden altar of the Shining One.
 10557 | D:7      | You fall into a shaft and drop 2 floors!
 10558 | D:9      | Identified a scroll of acquirement
 10561 | D:9      | Acquired 1295 gold pieces
 10831 | D:9      | Reached XP level 10. HP: 47/52 MP: 20/20
 10999 | D:9      | Reached skill level 11 in Earth Magic
 11755 | D:8      | Reached skill level 12 in Earth Magic
 12414 | D:10     | Entered Level 10 of the Dungeon
 12450 | D:9      | Found Jidod's General Store.
 12453 | D:9      | Bought a scroll of magic mapping for 42 gold pieces
 12564 | D:6      | Bought a book of Power for 540 gold pieces
 12564 | D:6      | Bought a book of Party Tricks for 600 gold pieces
 12570 | D:6      | Learned a level 5 spell: Bolt of Magma
 12806 | D:9      | Found a white marble altar of Elyvilon.
 13008 | D:10     | Found a shimmering blue altar of Sif Muna.
 13016 | D:10     | Found Liabbac's Magic Scroll Shoppe.
 13024 | D:10     | Bought a scroll of identify for 28 gold pieces
 13024 | D:10     | Bought a scroll of identify for 28 gold pieces
 13283 | D:10     | Reached ** piety under Vehumet
 13283 | D:10     | Offered knowledge of Foxfire by Vehumet.
 13356 | D:10     | Reached skill level 5 in Dodging
 13361 | D:10     | Noticed a deep elf mage
 13899 | D:10     | Killed a deep elf mage
 13899 | D:10     | Reached XP level 11. HP: 56/56 MP: 18/21
 13947 | D:10     | Acquired an uncursed staff of conjuration
 14819 | D:11     | Learned a level 5 spell: Alistair's Intoxication
 14854 | D:11     | Noticed a brown ugly thing
 14889 | D:10     | Killed a cyan ugly thing
 15133 | D:11     | Noticed a tengu warrior
 15173 | D:11     | Killed a tengu warrior
 15544 | D:11     | Offered knowledge of Mephitic Cloud by Vehumet.
 15825 | D:11     | Noticed Fannar
 15841 | D:11     | Killed Fannar
 15849 | D:11     | Noticed a boulder beetle
 15856 | D:11     | Noticed a boulder beetle
 15866 | D:11     | Slain by a boulder beetle

Illustrated notes

Levels and vault maps discovered:
D:1:      matt_arrival_spirals, layout_loops_corners, serial_glass,
          glass_columns_a, glass_columns_b, minivault_25, minivault_14,
          st_stairs_12, minmay_worlds_worst_comb
D:2:      layout_loops_corners, nicolae_overflow_crystal_walls,
          lemuel_crystal_altar, nicolae_overflow_hidden_temple,
          chequers_ecumenical_altar_simple
D:3:      layout_loops_ring, uniq_natasha
D:4:      layout_basic, gup_sewer_entry_glass, minmay_manual_monstrance,
          uniq_robin, uniq_sigmund
D:5:      layout_cave_pools, lemuel_doored_altar
D:6:      layout_gridville, overflow_temple_1_default,
          minmay_temple_entry_proselytizer, serial_shops, shop
D:7:      layout_layer_cave, fedhas_altar_2, marbit_many_paths,
          okawaru_ov_weapons_minmay
D:8:      layout_loops_ring, lemuel_flame_loot_1
D:9:      layout_roguey, elyvilon_altar_3, serial_shops, kennysheep_mini
D:10:     minmay_curly_fans, layout_basic, serial_shops, nicolae_shop_crystal,
          lemuel_altar_in_water
D:11:     layout_stronghold, grunt_lair_entry_orc_guard_hut, uniq_fannar
Temple:   jpeg_temple_clearing

Skill      XL: |  1  2  3  4  5  6  7  8  9 10 11 |
---------------+----------------------------------+-----
Earth Magic    | 4 5 6 8 10 12 | 12.1
Dodging        | 2 3 7 9 |  9.2
Stealth        | 3 |  3.9
Spellcasting   | 3 4 5 6 7 |  7.8
Fighting       | 1 |  1.0
Conjurations   | 2 4 6 |  6.3
Short Blades   | |  0.3
Transmutations | |  0.7

Action                   |  1- 3 |  4- 6 |  7- 9 | 10-12 || total
-------------------------+-------+-------+-------+-------++-------
Melee: Unarmed           |   219 |    72 |       |       ||   291
       Dagger            |       |    39 |   695 |   261 ||   995
 Cast: Sandblast         |    31 |    30 |    16 |    10 ||    87
       Stone Arrow       |       |     1 |    63 |    89 ||   153
       Lee's Rapid Decon |       |       |       |    14 ||    14
       Petrify           |       |       |       |     1 ||     1
  Use: Scroll            |       |     4 |     9 |    10 ||    23
       Potion            |       |       |     2 |       ||     2
 Stab: Sleeping          |     6 |     6 |    13 |     4 ||    29
       Distracted        |       |       |     2 |     1 ||     3
Armor: Robe              |    81 |    46 |   369 |   132 ||   628
       Troll leather arm |       |       |       |    49 ||    49
Dodge: Dodged            |   179 |    91 |   675 |   276 ||  1221

Table legend: (Time is in decaauts)
 A = Elapsed time spent in this place.
 B = Non-inter-level travel time spent in this place.
 C = Inter-level travel time spent in this place.
 D = Time resting spent in this place.
 E = Time spent auto-exploring this place.
 F = Levels seen in this place.
 G = Mean time per level.
                   A        B        C        D        E       F      G
               +--------+--------+--------+--------+--------+-----+--------+
         Total |  16030 |  15380 |    650 |   3600 |   8657 |  13 | 1233.1 |
       Dungeon |  14877 |  14273 |    604 |   3540 |   7972 |  11 | 1352.5 |
        Temple |    131 |     85 |     46 |      0 |     84 |   1 |  131.0 |
         Sewer |   1020 |   1020 |      0 |     60 |    600 |   1 | 1020.0 |
               +--------+--------+--------+--------+--------+-----+--------+

Top non-repeatable levels by time:
     D:1: 2274 daAuts
     D:7: 1788 daAuts
     D:6: 1594 daAuts
    D:10: 1555 daAuts
     D:2: 1321 daAuts
     D:4: 1230 daAuts
     D:9: 1228 daAuts
     D:8: 1138 daAuts
    D:11: 1069 daAuts
   Sewer: 1020 daAuts
     D:5: 894 daAuts
     D:3: 784 daAuts
  Temple: 131 daAuts
